 Dungeon Crawl Stone Soup version 0.20-a0-983-g35de22d (webtiles) character file.

296 Murumi the Covert (level 6, -1/76 HPs)
             Began as a Naga Enchanter on Apr 10, 2017.
             Splashed by a jelly's acid (3 damage)
             ... on level 2 of the Dungeon.
             The game lasted 00:07:35 (2051 turns).

Murumi the Covert (Naga Enchanter)                  Turns: 2051, Time: 00:07:35

Health: -1/76      AC: -11   Str: 15    XL:     6   Next: 34%
Magic:  6/9        EV: 10    Int: 15    God:
Gold:   138        SH:  0    Dex: 14    Spells: 8/9 levels left

rFire    . . .     SeeInvis +   a - +2 dagger
rCold    . . .     Gourm    .   (no shield)
rNeg     + . .     Faith    .   j - +1 robe {rN+}
rPois    +         Spirit   .   l - +0 helmet
rElec    .         Reflect  .   (no cloak)
rCorr    .         Harm     .   (no gloves)
MR       .....                  (no barding)
Stlth    ..........             (no amulet)
Regen    0.3/turn               (no ring)
MPRegen  0.2/turn               (no ring)

@: berserking, corroded, very slightly contaminated, quick
A: see invisible, deformed body, poison resistance, slowness 2, slow metabolism
1, spit poison 1, AC +2
a: Spit Poison


You were on level 2 of the Dungeon.
You were hungry.

You visited 1 branch of the dungeon, and saw 2 of its levels.

You collected 138 gold pieces.

Inventory:

Hand Weapons
 a - a +2 dagger (weapon)
Armour
 j - a +1 robe of positive energy (worn)
 l - a +0 helmet (worn)
Scrolls
 m - a scroll of teleportation
Potions
 b - a potion of curing {unknown}
 g - 2 potions of agility
 h - a potion of ambrosia
 i - a potion of cancellation {unknown}
Books
 c - a book of Maledictions

   Spells                             Type                      Level
   a - Corona                         Hexes                        1
   b - Ensorcelled Hibernation        Hexes/Ice                    2
   c - Confuse                        Hexes                        3
   d - Tukima's Dance                 Hexes                        3
   e - Dazzling Spray                 Conjuration/Hexes            3
Comestibles
 d - a bread ration
 k - 4 fruits


   Skills:
 + Level 1.2 Fighting
 - Level 1.0 Short Blades
 - Level 2.0 Dodging
 - Level 10.0 Stealth
 - Level 2.0 Spellcasting
 - Level 3.0 Hexes


You had 8 spell levels left.
You knew the following spells:

 Your Spells              Type           Power        Failure   Level  Hunger
a - Corona                Hex            ##.....      8%          1    #......


Dungeon Overview and Level Annotations

Branches:
Dungeon (2/15)

Altars:


Innate Abilities, Weirdness & Mutations

You cannot wear boots.
Your serpentine skin is tough. (AC +2)
You have supernaturally acute eyesight. (SInv)
Armour fits poorly on your strangely shaped body.
Your system is resistant to poisons. (rPois)
You cover ground very slowly.
You have a slow metabolism.
You can spit poison.


Message History

The jelly closely misses you.
A red film seems to cover your vision as you go berserk!
You feel yourself moving faster!
You feel mighty! The jelly barely misses you.
You hit the jelly but do no damage.
Your hands burn!
The jelly is heavily wounded.
The jelly hits you. The acid corrodes you!
You are splashed with acid!
The acid burns!
* * * LOW HITPOINT WARNING * * *
You hit the jelly.
Your hands burn!
* * * LOW HITPOINT WARNING * * *
The jelly is severely wounded.
You hit the jelly but do no damage.
Your hands burn!
* * * LOW HITPOINT WARNING * * *
The jelly is severely wounded.
The jelly stops glowing.
The jelly hits you.
* * * LOW HITPOINT WARNING * * *
You are splashed with acid!
The acid burns!
* * * LOW HITPOINT WARNING * * *
You hit the jelly but do no damage.
Your hands burn!
You die...

##.## #.#####.#.######.<###.
###.## #.# #.#.# ##.#...) ...#.#
#.# ##### #.###.## .#.#.#
################# #.# ..(#.#
#######.##.....[##.###.##
###)#####....#.#.#÷÷..PP##..#.#..
#†.).##.....#.#.#÷..J..###.>.###
..##..'......#'#.#.P....##.##.#
#. #..'........#@#J.....##.##.# #
##.'........#J#÷..PPP##.##.#
#.##.......#J#.÷....##.##.#
#####......##'..÷JP.##.##.#
##########.....÷##.##.# #
#########.##.### ## ###.##.##.
...##......### #..........###


You could see a jelly and an ooze.

Vanquished Creatures
  Sigmund (D:2)
  A jelly (D:2)
  Terence (D:2)
  2 adders (D:2)
  6 oozes (D:2)
  A dart slug (D:1)
  4 bats (D:1)
  2 giant cockroaches
  3 goblins (D:1)
  7 hobgoblins
  6 jackals (D:1)
  11 kobolds
  3 frilled lizards
  3 rats
51 creatures vanquished.

Vanquished Creatures (others)
  A fungus (D:2)
  8 toadstools (D:2)
9 creatures vanquished.

Grand Total: 60 creatures vanquished

Notes
Turn   | Place    | Note
-------+----------+-------------------------------------------
     0 | D:1      | Murumi the Naga Enchanter began the quest for the Orb.
     0 | D:1      | Reached XP level 1. HP: 15/15 MP: 3/3
    66 | D:1      | Reached skill level 5 in Stealth
   167 | D:1      | Reached XP level 2. HP: 3/22 MP: 5/5
   896 | D:1      | Reached skill level 1 in Fighting
  1000 | D:1      | Reached XP level 3. HP: 30/31 MP: 6/6
  1261 | D:2      | Reached skill level 6 in Stealth
  1352 | D:2      | Noticed Terence
  1369 | D:2      | Killed Terence
  1369 | D:2      | Reached XP level 4. HP: 38/38 MP: 7/7
  1528 | D:2      | Reached skill level 7 in Stealth
  1619 | D:2      | Noticed Sigmund
  1621 | D:2      | Killed Sigmund
  1621 | D:2      | Reached skill level 9 in Stealth
  1621 | D:2      | Reached XP level 5. HP: 44/44 MP: 8/8
  1621 | D:2      | Reached XP level 6. HP: 51/51 MP: 9/9
  1945 | D:2      | Reached skill level 10 in Stealth
  2050 | D:2      | HP: 2/76 [acid (9)]
  2051 | D:2      | Splashed by a jelly's acid

Vault maps used:
D:1:      mrwooster_arrival_arrow, serial_forest, infiniplex_forest_zigzag_1,
          infiniplex_forest_lined_2, infiniplex_forest_clump_medium,
          infiniplex_forest_lined_3, infiniplex_forest_clump_small,
          infiniplex_forest_lined_room_
D:2:      cheibrodos_fertilizer, serial_glass, glass_columns_a, glass_columns_a,
          uniq_terence, uniq_sigmund

Skill      XL: |  1  2  3  4  5  6 |
---------------+-------------------+-----
Stealth        | 5 6 9 10 | 10.0
Dodging        | 2 |  2.0
Fighting       | 1 |  1.2
Short Blades   | |  1.0
Spellcasting   | |  2.0
Hexes          | |  3.0

Action                   |  1- 3 |  4- 6 || total
-------------------------+-------+-------++-------
Melee: Dagger            |    71 |    77 ||   148
 Cast: Corona            |     2 |     5 ||     7
 Abil: Spit Poison       |     9 |    11 ||    20
  Use: Scroll            |     5 |     4 ||     9
       Potion            |       |     3 ||     3
 Stab: Sleeping          |     9 |     3 ||    12
  Eat: Chunk             |     1 |     2 ||     3
Armor: Robe              |    17 |    22 ||    39
Dodge: Dodged            |    44 |    35 ||    79
